 Dungeon Crawl Stone Soup version 0.18-a0-1166-g6e2d2a0 (webtiles) character file.

6728 Mysteryquy the Covert (level 11, -1/56 HPs)
             Began as a Vine Stalker Assassin on Jan 26, 2016.
             Was a Priest of Dithmenos.
             Killed from afar by an electric eel (6 damage)
             ... with a bolt of electricity
             ... on level 10 of the Dungeon.
             The game lasted 00:23:34 (8891 turns).

Mysteryquy the Covert (Vine Stalker Assassin)       Turns: 8891, Time: 00:23:34

Health: -1/56      AC:  4    Str: 13    XL:     11   Next: 4%
Magic:  0/21       EV: 19    Int: 11    God:    Dithmenos [***...]
Gold:   460        SH:  0    Dex: 20    Spells: 0 memorised, 10 levels left

rFire  . . .     SeeInvis .     q - +3 dagger (venom)
rCold  . . .     Gourm    .     c - +0 robe
rNeg   . . .     Faith    .     (no shield)
rPois  +         Spirit   +     (no helmet)
rElec  .         Dismiss  .     d - +0 cloak
rCorr  .         Reflect  .     W - +0 pair of gloves
SustAt .         Harm     .     (no boots)
MR     +....                    J - amulet of magic regeneration
Stlth  ++++++++..               K - ring of poison resistance
                                F - ring of magical power

@: very slightly contaminated, hasted, wreathed by umbra, very quick, somewhat
resistant to hostile enchantments, extraordinarily stealthy
A: fangs 3, regeneration 2, magic shield, antimagic bite, no device heal 3, rot
immunity
a: Shadow Step, Renounce Religion


You were on level 10 of the Dungeon.
You worshipped Dithmenos.
Dithmenos was most pleased with you.
You were not hungry.

You visited 2 branches of the dungeon, and saw 11 of its levels.

You collected 460 gold pieces.

Inventory:

Hand Weapons
 a - a +2 dagger
 b - a +0 blowgun
 q - a +3 dagger of venom (weapon)
Missiles
 e - 31 poisoned needles
 f - 7 curare-tipped needles
 n - 5 needles of confusion
Armour
 c - a +0 robe (worn)
 d - a +0 cloak (worn)
 W - a +0 pair of gloves (worn)
Jewellery
 s - an uncursed ring of ice
 x - an uncursed ring of fire
 F - a ring of magical power (left hand)
 J - an amulet of magic regeneration (around neck)
 K - a ring of poison resistance (right hand)
Wands
 p - a wand of polymorph (18/24)
 A - a wand of disintegration (11/24)
 E - a wand of lightning (6/15)
 O - a wand of flame (29/48)
 R - a wand of fire (11/15)
Scrolls
 i - 2 scrolls of teleportation
 j - 4 scrolls of identify
 v - 2 scrolls of remove curse
 y - a scroll of enchant armour {unknown}
 z - a scroll of amnesia
 B - 2 scrolls of magic mapping {unknown}
 D - a scroll of holy word {unknown}
 G - a scroll of torment {unknown}
 M - a scroll of enchant weapon
 P - a scroll of fog {unknown}
 T - 2 scrolls of immolation {unknown}
Potions
 k - 3 potions of haste
 l - 2 potions of brilliance {unknown}
 m - a potion of ambrosia {unknown}
 o - 2 potions of curing {unknown}
 r - a potion of flight {unknown}
 w - 4 potions of agility {unknown}
 C - a potion of lignification {unknown}
 H - 2 potions of poison {unknown}
 I - 2 potions of magic {unknown}
 L - 3 potions of heal wounds {unknown}
Books
 N - a book of Burglary

   Spells                             Type                      Level
   a - Swiftness                      Charms/Air                   2
   b - Passwall                       Transmutation/Earth          3
   c - Passage of Golubria            Translocation                4
   d - Lee's Rapid Deconstruction     Earth                        5
   e - Darkness                       Hexes                        6
   f - Invisibility                   Hexes                        6
 S - a book of Callings

   Spells                             Type                      Level
   a - Summon Small Mammal            Summoning                    1
   b - Call Imp                       Summoning                    2
   c - Call Canine Familiar           Summoning                    3
   d - Summon Guardian Golem          Hexes/Summoning              3
   e - Summon Lightning Spire         Summoning/Air                4
   f - Summon Ice Beast               Ice/Summoning                4
 U - a book of the Sky

   Spells                             Type                      Level
   a - Summon Lightning Spire         Summoning/Air                4
   b - Airstrike                      Air                          4
   c - Silence                        Hexes/Air                    5
   d - Deflect Missiles               Charms/Air                   6
   e - Conjure Ball Lightning         Conjuration/Air              6
   f - Tornado                        Air                          9
Comestibles
 g - 5 bread rations
 h - 6 meat rations
 t - 14 fruits
 u - 4 beef jerkies
 Q - 6 slices of pizza
 V - 3 chunks of flesh


   Skills:
 + Level 5.7 Fighting
 + Level 5.7 Short Blades
 - Level 1.7 Throwing
 + Level 7.7 Dodging
 + Level 14.1 Stealth


You had 10 spell levels left.
You didn't know any spells.

Dungeon Overview and Level Annotations

Branches:
Dungeon (10/15)            Temple (1/1) D:6            Lair (0/8) D:10
    Orc: D:9-12

Altars:
Ashenzari
Cheibriados
Dithmenos
Elyvilon
Fedhas
Gozag
Kikubaaqudgha
Makhleb
Nemelex Xobeh
Okawaru
Pakellas
Qazlal
Ru
Sif Muna
Trog
Vehumet
Xom
Yredelemnul
Zin
The Shining One

Annotations:
D:7 FIQ's ghost, novice DDNe


Innate Abilities, Weirdness & Mutations

You have razor-sharp teeth.
You heal very quickly.
When hurt, damage is shared between your health and your magic reserves.
Your bite disrupts and absorbs the magic of your enemies.
Potions and wands cannot restore your health.
You are immune to rotting.


Message History

The electric eel shoots out a bolt of lightning at you!
The bolt of electricity hits you!
* * * LOW HITPOINT WARNING * * *
The electric eel shoots out a bolt of lightning at you!
The bolt of electricity hits you!
* * * LOW HITPOINT WARNING * * *
You enter the shallow water.
Moving in this stuff is going to be slow.
The electric eel shoots out a bolt of lightning at you!
The bolt of electricity hits you!
* * * LOW HITPOINT WARNING * * *
Drink which item? (? for menu, Esc to quit)
You feel yourself speed up.
You are very lightly contaminated with residual magic.
The electric eel shoots out a bolt of lightning at you!
The bolt of electricity hits you!
* * * LOW HITPOINT WARNING * * *
The electric eel shoots out a bolt of lightning at you!
The bolt of electricity hits you!
You die...

...............# ..
#######.##.....# .. #.##.....#
...# #. #.###.#### .....##..
####.# #.#
.........#.######..#.###.#
...............# #...##..#
.......#..###.#.###...##.##
.............#@.÷÷.....##.#####
..≈≈.≈..≈.≈....##÷......#.....#
≈≈≈≈≈≈..≈......######.........#
≈≈≈≈≈≈≈≈;.÷.....## #>.........
≈≈..≈≈≈≈≈.≈..#...####..........
...≈..≈≈≈....##.)...##.........
≈≈...≈≈≈.≈≈≈.##.###..[.........
...>..≈≈;≈......##.............
..../≈≈≈≈≈≈.........#.>..).....


You could see 2 electric eels.

Vanquished Creatures
  A hydra (D:8)
  A troll (D:10)
  Grinder (D:4)
  Sigmund (D:2)
  A wyvern (D:8)
  2 yaks (D:8)
  A hungry ghost (D:7)
  A steam dragon (D:10)
  2 hippogriffs
  Menkaure (D:4)
  Edmund (D:6)
  A water moccasin (D:9)
  2 orc warriors
  2 phantoms
  3 sky beasts
  5 ogres
  2 centaurs
  The ghost of twist the Changer, an amateur OpTm (D:3)
  5 big kobolds
  A gnoll sergeant (D:9)
  A giant frog (D:5)
  3 scorpions
  5 wights
  An electric eel (D:10)
  10 crimson imps
  2 jellies
  4 giant frog zombies
  A wasp zombie (D:7)
  A giant frog skeleton (D:9)
  9 hounds
  7 orc priests
  9 orc wizards
  Jessica (D:2)
  Ijyb (D:2)
  4 iguanas
  12 worker ants
  2 sheep (D:8)
  A hound skeleton (D:9)
  6 adders
  3 shadow imps
  An ooze (D:1)
  2 adder zombies (D:5)
  An adder skeleton (D:9)
  3 worms
  15 giant geckos
  22 orcs
  15 bats
  3 bat zombies (D:5)
  4 giant cockroaches
  8 goblins
  9 hobgoblins
  11 jackals
  20 kobolds
  3 quokkas
  A ball python zombie (D:5)
  A giant gecko skeleton (D:5)
  3 giant newts
  A quokka skeleton (D:5)
  A quokka zombie (D:6)
  7 rats
  A rat zombie (D:5)
250 creatures vanquished.

Vanquished Creatures (others)
  An ogre (D:5)
  A lightning spire (D:6)
  A giant cockroach (D:5)
  A jackal (D:10)
  2 bushes (D:6)
6 creatures vanquished.

Grand Total: 256 creatures vanquished

Notes
Turn   | Place    | Note
--------------------------------------------------------------
     0 | D:1      | Mysteryquy the Vine Stalker Assassin began the quest for the Orb.
     0 | D:1      | Reached XP level 1. HP: 11/11 MP: 2/2
    21 | D:1      | Reached skill level 5 in Stealth
    36 | D:1      | Reached XP level 2. HP: 13/15 MP: 3/3
   349 | D:1      | Reached XP level 3. HP: 7/18 MP: 1/4
   582 | D:1      | Reached skill level 1 in Dodging
   843 | D:2      | Noticed Ijyb
   873 | D:2      | Killed Ijyb
   873 | D:2      | Reached skill level 6 in Stealth
   873 | D:2      | Reached XP level 4. HP: 16/23 MP: 3/5
   942 | D:2      | Found a shadowy altar of Dithmenos.
   988 | D:2      | Noticed Jessica
   995 | D:2      | Killed Jessica
  1186 | D:2      | Noticed Sigmund
  1195 | D:2      | Killed Sigmund
  1195 | D:2      | Reached skill level 7 in Stealth
  1195 | D:2      | Reached XP level 5. HP: 22/27 MP: 4/6
  1195 | D:2      | Gained mutation: You heal very quickly. [Vine Stalker growth]
  1195 | D:2      | Reached XP level 6. HP: 26/32 MP: 4/7
  1566 | D:3      | Noticed twist's ghost (amateur OpTm)
  1592 | D:3      | Killed twist's ghost
  1720 | D:3      | Reached skill level 8 in Stealth
  1963 | D:3      | Found a sparkling altar of Nemelex Xobeh.
  1965 | D:3      | Found a snail-covered altar of Cheibriados.
  2099 | D:3      | Found a glowing silver altar of Zin.
  2103 | D:3      | Found a deep blue altar of Sif Muna.
  2597 | D:4      | Found a radiant altar of Vehumet.
  2597 | D:4      | Noticed Menkaure
  2614 | D:4      | Killed Menkaure
  2614 | D:4      | Reached XP level 7. HP: 16/35 MP: 6/8
  2782 | D:4      | Noticed Grinder
  2786 | D:4      | Paralysed by Grinder for 4 turns
  2811 | D:4      | Killed Grinder
  2811 | D:4      | Reached skill level 9 in Stealth
  2892 | D:4      | Gained mutation: You have razor-sharp teeth. [Vine Stalker growth]
  2892 | D:4      | Reached XP level 8. HP: 28/40 MP: 9/9
  3304 | D:5      | Entered Level 5 of the Dungeon
  3366 | D:5      | Found a shimmering altar of Xom.
  3373 | D:5      | Found a shimmering altar of Xom.
  3580 | D:5      | Reached skill level 10 in Stealth
  3965 | D:5      | Found an ancient bone altar of Kikubaaqudgha.
  4272 | D:6      | Reached XP level 9. HP: 37/45 MP: 10/10
  4389 | D:6      | Reached skill level 11 in Stealth
  4411 | D:6      | Found a staircase to the Ecumenical Temple.
  4423 | D:6      | Reached skill level 5 in Dodging
  4442 | Temple   | Entered the Ecumenical Temple
  4700 | D:6      | Found a glowing golden altar of the Shining One.
  4882 | D:2      | Became a worshipper of Dithmenos the Shadowed
  5035 | D:6      | Noticed Edmund
  5039 | D:6      | Killed Edmund
  5739 | D:6      | Found an oddly glowing altar of Pakellas.
  5740 | D:6      | Noticed a cyclops
  6034 | D:7      | Noticed FIQ's ghost (novice DDNe)
  6135 | D:7      | Reached * piety under Dithmenos
  6462 | D:7      | Reached skill level 12 in Stealth
  7132 | D:8      | Reached XP level 10. HP: 51/51 MP: 11/11
  7390 | D:8      | Reached skill level 5 in Short Blades
  7462 | D:8      | Reached skill level 5 in Fighting
  7462 | D:8      | Reached skill level 13 in Stealth
  7514 | D:8      | Noticed a two-headed hydra
  7517 | D:8      | Killed a two-headed hydra
  7638 | D:8      | Reached ** piety under Dithmenos
  8313 | D:10     | Entered Level 10 of the Dungeon
  8604 | D:10     | Reached skill level 14 in Stealth
  8609 | D:10     | Reached *** piety under Dithmenos
  8765 | D:10     | Reached XP level 11. HP: 56/56 MP: 12/12
  8874 | D:10     | Found a staircase to the Lair.
  8891 | D:10     | Killed from afar by an electric eel

Vault maps used:
D:1:      dpeg_arrival_rooms_b
D:2:      grunt_dithmenos_smoke_and_mirrors, uniq_sigmund, uniq_jessica,
          uniq_iyjb
D:3:      nicolae_overflow_hidden_temple, serial_aquarium,
          aquarium_bridge_square, aquarium_window_fake, aquarium_window_2,
          aquarium_window_fake, aquarium_view_2d, aquarium_balcony_double_3
D:4:      fiery_altar_vehumet, uniq_menkaure, uniq_grinder
D:5:      lemuel_zombie_altar_kikubaaqudgha, basic_altar, first_bread,
          xom_confusion_cloud
D:6:      nicolae_overflow_crystal_walls, temple_statues,
          gammafunk_pakellas_spire_experiment, uniq_edmund
D:8:      hangedman_ranch
D:10:     erik_lair_island, minmay_misc_feat_secret_circle,
          kennysheep_generic_room_3
Temple:   eino_temple_water_12

Action                   |  1- 3 |  4- 6 |  7- 9 | 10-12 || total
-------------------------+-------+-------+-------+-------++-------
Melee: Dagger            |    57 |   143 |   313 |   320 ||   833
  Use: Scroll            |       |       |     7 |       ||     7
       Potion            |       |       |       |     1 ||     1
 Stab: Sleeping          |    12 |    19 |    28 |    19 ||    78
       Distracted        |     1 |       |     6 |     2 ||     9
  Eat: Chunk             |       |     5 |    13 |     5 ||    23
       Fruit             |       |       |     1 |     2 ||     3
